 Dungeon Crawl Stone Soup version 0.28.0-43-g3370ac3207 (webtiles) character file.

Game seed: 15855988669513743711

30 nickcage the Slasher (level 3, -1/31 HPs)
             Began as a Minotaur Fighter on Mar 28, 2022.
             Slain by a black bear (11 damage)
             ... on level 2 of the Dungeon.
             The game lasted 00:02:24 (1047 turns).

nickcage the Slasher (Minotaur Fighter)             Turns: 1047, Time: 00:02:25

Health: -1/31      AC:  8    Str: 22    XL:     3   Next: 5%
Magic:  2/2        EV:  9    Int:  5    God:
Gold:   49         SH:  4    Dex:  9    Spells: 2/2 levels left

rFire   . . .      SeeInvis .   a - +0 long sword
rCold   . . .      Faith    .   c - +0 buckler
rNeg    . . .      Spirit   .   b - +0 scale mail
rPois   .          Reflect  .   (helmet restricted)
rElec   .          Harm     .   (no cloak)
rCorr   .          Rampage  .   (no gloves)
Will    .....                   i - +0 pair of boots
Stlth   ..........              (no amulet)
HPRegen 0.10/turn               (no ring)
MPRegen 0.08/turn               (no ring)

@: no status effects
A: horns 2, retaliatory headbutt
a: no special abilities


You were on level 2 of the Dungeon.
You visited 1 branch of the dungeon, and saw 2 of its levels.

You collected 49 gold pieces.

Inventory:

Hand Weapons
 a - a +0 long sword (weapon)
Armour
 b - a +0 scale mail (worn)
 c - a +0 buckler (worn)
 i - a +0 pair of boots (worn)
Scrolls
 e - a scroll of noise {unknown}
 h - 2 scrolls of identify {unknown}
 l - a scroll of enchant weapon {unknown}
Potions
 d - a potion of might
 f - a potion of heal wounds {unknown}
 g - 2 potions of brilliance {unknown}
 j - a potion of cancellation {unknown}
 k - 3 potions of curing {unknown}


   Skills:
 - Level 3.6 Fighting
 + Level 4.3 Long Blades
 - Level 3.6 Armour
 - Level 3.6 Shields


You had 2 spell levels left.
You didn't know any spells.
Your spell library contained the following spells:

 Spells                   Type           Power      Damage    Failure   Level
 Conjure Flame            Conj/Fire      0%         6-21      99%         3
 Ignite Poison            Fire/Tmut/Pois 0%         N/A       99%         3
 Sticky Flame             Conj/Fire      0%         2d3       100%        4


Dungeon Overview and Level Annotations

Branches:
Dungeon (2/15)

Altars:

Annotations:
D:2 1 runed translucent door, Crazy Yiuf


Innate Abilities, Weirdness & Mutations

You have a pair of horns on your head.
You reflexively headbutt those who attack you in melee.


Message History

The quokka bites you but does no damage.
You hit the quokka.
The quokka is moderately wounded.
The quokka bites you. You block the quokka's attack.
You closely miss the quokka.
The quokka is moderately wounded.
The quokka bites you but does no damage.
You slash the quokka!
You kill the quokka!
No target in view!
HP restored.
A black bear comes into view.
The black bear growls angrily.
Things that are here:
a +0 club; a goblin corpse; a frilled lizard corpse You hit the black bear.
The black bear is moderately wounded.
You block the black bear's attack.
The black bear claws you but does no damage.
The black bear barely misses you.
The black bear bites you but does no damage.
The black bear claws you. The black bear closely misses you.
You closely miss the black bear. You headbutt the black bear.
The black bear is moderately wounded.
You block the black bear's attack. x2; The black bear claws you.
You slash the black bear!
The black bear is almost dead.
The black bear goes berserk!
You barely miss the black bear. Your headbutt misses the black bear.
The black bear is severely wounded.
The black bear bites you! The black bear claws you.
The black bear barely misses you.
The black bear bites you but does no damage.
The black bear claws you but does no damage.
The black bear barely misses you.
You are too injured to fight recklessly!
You closely miss the black bear.
The black bear is severely wounded.
The black bear bites you!
You die...

#.##..#.#. >. ...# #.##......
####.###..### #..#..#.#.
............. ##.<......
.............# #........
...............# ...........
...............# ####........
...............### #.........#.
...........†.h@..###...........
..........†)...#..##...........
#..........######...##.........
#..........#..............###..
...........#.###...............
...........#.##.......#.#......
....########.#..#....#..##....#
... .....#.#..#..#.##...... .
#######.................


You could see a black bear (berserk).

Vanquished Creatures
  An adder (D:2)
  An endoplasm (D:1)
  A giant cockroach (D:1)
  5 goblins
  2 hobgoblins (D:1)
  A quokka (D:2)
  2 ball pythons (D:1)
  2 bats
  2 frilled lizards (D:2)
  5 kobolds
22 creatures vanquished.

Notes
Turn   | Place    | Note
-------+----------+-------------------------------------------
     0 | D:1      | nickcage the Minotaur Fighter began the quest for the Orb.
     0 | D:1      | Reached XP level 1. HP: 19/19 MP: 0/0
    78 | D:1      | Reached skill level 3 in Long Blades
   136 | D:1      | You fall into a shaft and drop 1 floor!
   144 | D:2      | Reached XP level 2. HP: 21/26 MP: 1/1
   306 | D:1      | Reached skill level 4 in Long Blades
   783 | D:2      | Found a runed translucent door.
   784 | D:2      | Noticed Crazy Yiuf
  1016 | D:2      | Reached XP level 3. HP: 31/31 MP: 2/2
  1029 | D:2      | Noticed a black bear
  1047 | D:2      | Slain by a black bear

Illustrated notes

Levels and vault maps discovered:
D:1:      dpeg_arrival_stone_temple_mockup, layout_rooms
D:2:      layout_rooms, serial_co_window_serial, co_window_corner_a,
          co_window_of_opportunity_a, co_window_paths_b, co_window_corner_a,
          co_window_corner_a, co_window_paths_c, co_window_of_opportunity_b,
          co_window_corner_ca, glass_columns_b, glass_columns_a,
          uniq_crazy_yiuf_cottage

Skill      XL: |  1  2 |
---------------+-------+-----
Long Blades    | 3 4 |  4.3
Fighting       | |  3.6
Armour         | |  3.6
Shields        | |  3.6

Action                   || total
-------------------------++-------
Melee: Long sword        ||    46
       Headbutt          ||     6
Armor: Scale mail        ||    22
Dodge: Dodged            ||    23
Block: Buckler           ||    14
